Map: [EWC] Ghost River

Players

Reynor

  • Race: Zerg Zerg
  • Spawn Location: 1:00

herO - Winner!

  • Race: Protoss Protoss
  • Spawn Location: 11:00

Event: Esports World Cup 2024

VOD

Have the link to the VOD?

Description

Time

  • Played on: Aug. 16, 2024, 10:17 a.m.
  • Length: 13:09

All games in this series

Show
View Real Time Build Order
Export as new Build Order

Reynor Zerg 

Build Orders: Hatch First, Lurkers 

Get SALT Encoding   

  12  0:00  Drone  
  13  0:12  Overlord  
  13  0:16  Drone  
  14  0:30  Drone x2  
  16  0:48  Hatchery  
  15  0:51  Drone  
  15  0:54  Drone  
  17  0:58  Drone  
  18  1:10  Extractor  
  17  1:14  Spawning Pool  
  17  1:16  Drone  
  17  1:20  Drone  
  18  1:27  Drone  
  19  1:38  Drone  
  20  1:49  Drone  
  21  2:01  Queen x2  
  21  2:02  Overlord  
  21  2:03  Zergling x2  
  26  2:12  Zergling x4  
  26  2:13  Metabolic Boost  
  28  2:21  Drone  
  28  2:22  Drone  
  30  2:33  Drone x2  
  32  2:39  Queen  
  32  2:42  Overlord  
  34  2:44  Drone  
  35  2:54  Zergling x2  
  36  3:00  Queen  
  38  3:06  Drone x3  
  38  3:10  Hatchery  
  40  3:13  Drone  
  40  3:19  Overlord  
  42  3:20  Drone  
  42  3:21  Drone  
  42  3:26  Drone x2  
  42  3:30  Drone  
  43  3:36  Drone  
  43  3:37  Queen  
  46  3:42  Drone  
  46  3:45  Queen  
  46  3:46  Drone  
  46  3:47  Drone  
  51  3:49  Drone  
  51  3:52  Overlord  
  52  3:56  Spore Crawler  
  52  3:58  Spore Crawler  
  52  4:01  Drone  
  50  4:05  Drone  
  50  4:08  Overlord  
  52  4:17  Drone x2  
  52  4:18  Drone x4  
  52  4:23  Overlord  
  57  4:25  Spore Crawler  
  57  4:29  Drone x2  
  58  4:35  Drone, Queen, Spore Crawler  
  60  4:39  Zergling x4  
  60  4:40  Zergling x2  
  63  4:46  Roach Warren  
  63  4:48  Zergling x4  
  63  4:50  Overlord  
  64  4:57  Zergling x4  
  64  4:58  Drone x3  
  69  5:00  Drone x2  
  69  5:01  Drone  
  72  5:08  Overlord  
  72  5:10  Drone x3  
  72  5:13  Lair  
  75  5:16  Drone  
  75  5:18  Evolution Chamber  
  75  5:19  Drone  
  75  5:20  Drone  
  77  5:21  Overlord  
  77  5:23  Drone  
  77  5:26  Drone x2  
  77  5:27  Extractor  
  79  5:29  Drone x2  
  79  5:33  Overlord  
  81  5:44  Drone x2, Hatchery  
  81  5:45  Extractor  
  81  5:46  Roach x3  
  81  5:49  Overlord  
  87  5:53  Zerg Missile Weapons Level 1  
  87  5:57  Roach  
  89  5:58  Zergling x2  
  89  5:59  Drone  
  89  6:00  Overlord  
  89  6:02  Zergling x8, Roach  
  97  6:08  Drone x3  
  100  6:12  Overlord  
  100  6:15  Zergling x6  
  100  6:18  Glial Reconstitution  
  103  6:21  Zergling x2, Roach  
  103  6:22  Drone x3  
  103  6:25  Zergling x2, Roach x2  
  114  6:29  Overlord, Extractor  
  114  6:31  Drone x3  
  114  6:32  Roach  
  118  6:38  Drone x2  
  120  6:40  Drone  
  120  6:45  Overlord  
  120  6:46  Infestation Pit  
  118  6:47  Overseer  
  118  6:48  Drone  
  118  6:53  Roach x2  
  123  6:54  Drone x4  
  123  6:55  Drone  
  123  6:57  Roach x2  
  123  6:58  Zergling x6  
  123  7:00  Extractor  
  133  7:05  Roach x2  
  133  7:07  Spine Crawler  
  133  7:08  Overlord, Roach  
  134  7:13  Queen, Ravager  
  137  7:16  Roach x2  
  137  7:21  Drone x4  
  137  7:22  Drone x4  
  148  7:24  Overlord  
  148  7:28  Hydralisk Den, Extractor  
  145  7:38  Drone x5  
  145  7:40  Roach x3  
  145  7:43  Overlord  
  155  7:47  Roach x3  
  158  7:53  Overlord  
  158  7:54  Roach x5  
  165  8:02  Drone  
  166  8:06  Overlord, Extractor  
  166  8:10  Hive  
  166  8:11  Zergling x12, Roach x3  
  166  8:12  Zergling x2, Overlord, Ravager  
  178  8:16  Overlord  
  179  8:22  Drone x2  
  179  8:23  Overlord  
  180  8:30  Drone x3  
  180  8:33  Extractor  
  179  8:36  Muscular Augments, Lurker Den  
  176  8:45  Zerg Missile Weapons Level 2  
  176  8:52  Hydralisk x5  
  186  8:57  Ravager  
  186  8:59  Drone x2  
  186  9:02  Spine Crawler, Spore Crawler  
  186  9:04  Spine Crawler  
  186  9:05  Spore Crawler, Roach x2  
  186  9:06  Roach x5  
  186  9:08  Overlord  
  197  9:13  Roach x2  
  197  9:17  Ravager x2  
  198  9:35  Seismic Spines  
  198  9:36  Lurker x3  
  173  9:39  Drone x3  
  174  9:45  Spore Crawler  
  174  9:46  Lurker x2  
  174  9:47  Drone x3  
  174  9:49  Spore Crawler x2, Hydralisk x2  
  174  9:50  Spine Crawler  
  174  9:51  Spore Crawler, Overseer  
  178  9:53  Spine Crawler  
  178  9:54  Zergling x14  
  178  9:56  Spore Crawler  
  183  10:03  Viper  
  175  10:08  Zergling x12  
  175  10:10  Viper  
  175  10:14  Roach x4  
  190  10:19  Roach x4  
  180  10:21  Zergling x12  
  180  10:27  Roach x4  
  188  10:34  Roach  
  188  10:35  Roach x7  
  180  10:44  Hydralisk x3, Roach x3  
  180  10:48  Roach x2  
  179  10:50  Queen  
  179  10:54  Hydralisk x3  
  174  10:57  Zergling x4  
  174  11:00  Lurker  
  174  11:02  Zergling x4  
  174  11:03  Zergling x8  
  183  11:05  Queen  
  185  11:14  Hydralisk x4  
  185  11:24  Queen, Roach x6  
  178  11:28  Roach x2  
  178  11:29  Roach x2  
  169  11:33  Lurker x3  
  172  11:41  Roach x5  
  172  11:45  Roach x2  
  179  11:50  Roach  
  179  11:53  Queen x2, Roach  
  179  11:55  Hydralisk  
  179  11:56  Zergling x2  
  176  12:04  Hydralisk  
  176  12:05  Zergling x8  
  151  12:08  Hydralisk x2  
  151  12:09  Zergling x4  
  151  12:16  Roach x2  
  151  12:22  Roach x4  
  145  12:27  Roach x3  
  142  12:30  Roach x2  
  142  12:32  Roach x2  
  149  12:43  Roach x4  
Show
View Real Time Build Order
Export as new Build Order

herO Protoss - Winner!

Build Orders: 1 Gate Expand, Oracle Opening 

Get SALT Encoding   

  12  0:00  Probe  
  13  0:12  Probe  
  14  0:17  Pylon  
  14  0:24  Probe  
  15  0:35  Gateway  
  15  0:37  Probe (Chrono Boost)  
  16  0:44  Assimilator  
  16  0:49  Probe (Chrono Boost)  
  17  0:54  Probe (Chrono Boost)  
  18  1:04  Probe  
  19  1:16  Probe  
  20  1:22  Cybernetics Core  
  20  1:32  Nexus  
  20  1:39  Pylon  
  20  1:42  Probe  
  20  1:46  Assimilator  
  21  1:54  Probe  
  22  1:56  Adept (Chrono Boost)  
  24  2:06  Probe  
  25  2:16  Adept (Chrono Boost)  
  25  2:18  Probe  
  28  2:23  Pylon  
  28  2:30  Probe, Stargate  
  29  2:39  Adept  
  29  2:41  Warp Gate  
  31  2:44  Probe x2  
  33  2:56  Probe x2  
  35  3:08  Probe  
  35  3:09  Probe  
  35  3:10  Oracle (Chrono Boost)  
  37  3:14  Gateway  
  37  3:15  Adept  
  42  3:25  Probe (Chrono Boost)  
  42  3:26  Probe (Chrono Boost)  
  40  3:30  Assimilator  
  40  3:32  Assimilator  
  40  3:37  Probe (Chrono Boost)  
  40  3:39  Oracle (Chrono Boost), Gateway  
  45  3:45  Pylon  
  45  3:46  Probe (Chrono Boost)  
  46  3:48  Probe (Chrono Boost)  
  46  4:03  Probe x2  
  48  4:10  Oracle (Chrono Boost)  
  48  4:15  Probe x2  
  53  4:27  Nexus  
  53  4:28  Pylon  
  53  4:29  Probe  
  54  4:39  Twilight Council  
  54  4:41  Forge  
  54  4:46  Probe  
  54  4:47  Probe  
  54  4:52  Stalker x2  
  60  4:55  Pylon  
  60  4:57  Stalker  
  62  5:07  Protoss Ground Weapons Level 1 (Chrono Boost)  
  62  5:09  Pylon  
  62  5:13  Probe  
  62  5:14  Blink (Chrono Boost)  
  64  5:15  Stalker x2  
  64  5:20  Sentry  
  69  5:30  Gateway  
  69  5:38  Stalker x2  
  73  5:43  Probe  
  73  5:44  Probe x2  
  76  5:56  Probe x3  
  79  5:57  Photon Cannon  
  79  6:00  Stalker  
  79  6:02  Stalker  
  79  6:03  Stalker  
  85  6:08  Probe x3  
  88  6:12  Robotics Facility  
  88  6:19  Pylon  
  88  6:20  Probe x3  
  88  6:21  Pylon  
  91  6:32  Probe x2  
  93  6:37  Stalker, Probe  
  93  6:38  Stalker  
  98  6:46  Probe x2  
  100  6:48  Stalker x2  
  100  6:49  Assimilator x2, Probe  
  100  6:53  Protoss Ground Weapons Level 2 (Chrono Boost)  
  100  6:54  Pylon  
  105  7:00  Charge  
  103  7:09  Immortal (Chrono Boost)  
  103  7:10  Robotics Bay  
  103  7:12  Robotics Facility  
  103  7:13  Stalker x2  
  103  7:15  Probe x3  
  113  7:20  Stalker  
  116  7:35  Pylon x2  
  116  7:40  Observer  
  117  7:48  Gateway  
  117  7:50  Photon Cannon  
  117  7:56  Colossus (Chrono Boost)  
  117  7:57  Probe  
  118  8:02  Stalker  
  118  8:04  Extended Thermal Lance, Colossus (Chrono Boost)  
  132  8:09  Probe  
  133  8:15  Nexus  
  133  8:17  Pylon  
  133  8:21  Pylon  
  133  8:34  Colossus (Chrono Boost)  
  133  8:39  Gateway  
  133  8:40  Gateway  
  139  8:42  Gateway, Zealot x4  
  139  8:47  Templar Archives, Pylon  
  147  8:53  Pylon x2  
  147  8:54  Disruptor (Chrono Boost)  
  148  9:04  Photon Cannon  
  148  9:06  Shield Battery, Zealot x2  
  152  9:11  Protoss Ground Armor Level 1  
  152  9:12  Zealot  
  152  9:16  Disruptor  
  151  9:18  Stalker x2  
  159  9:25  Pylon x2  
  159  9:27  Disruptor  
  159  9:39  Pylon x2  
  159  9:44  High Templar x4  
  159  9:45  Zealot x2  
  171  9:48  Archon  
  171  9:49  Zealot, Archon  
  171  9:51  Photon Cannon  
  173  9:56  Disruptor  
  177  10:02  Disruptor  
  171  10:25  Stalker x8  
  166  10:38  Disruptor (Chrono Boost)  
  166  10:40  Observer  
  155  10:44  Disruptor (Chrono Boost)  
  155  10:51  Stalker  
  155  10:52  Stalker, Zealot x6  
  171  11:07  Observer (Chrono Boost)  
  166  11:11  Observer  
  166  11:17  Zealot x8  
  169  11:21  Disruptor (Chrono Boost)  
  157  11:32  Disruptor (Chrono Boost)  
  141  11:38  Zealot x8  
  161  11:48  Disruptor (Chrono Boost)  
  155  12:06  Disruptor  
  147  12:08  Stalker x8  
  139  12:33  Zealot x4  
  139  12:34  Zealot x4  
Tags
 
Add a new tag
Caveats
  • Supply blocks, unpowered buildings, or Contaminate may cause inaccurate times.
  • Supply counts are checked every 10 seconds.